AoeStats
← HR Pinkman

Arabian Desert

508780982Analyzed
1v1 RM · 7d ago on Sep 24, 2026· 31m 8s· 2 players
Game mode
Random Map
Map size
Tiny (2 player)
Population
200
Speed
Normal
Resources
Standard
Victory
Conquest
Starting age
Dark Age
Ending age
Imperial Age
RankedLock teamsTeams togetherTeam positionsShared explorationLock speedFull tech treeHidden civsTurbo modeCheats
Victory
Defeat
🇨🇱 Portuguese · Chile
2160
+9
🇦🇷 Spanish · Argentina
1984
-9
DS_Prodan
5:31 Loom
6:10 Loom
8:47 Feudal Age
9:19 Double-Bit Axe
10:05 Horse Collar
16:58 Wheelbarrow
20:47 Castle Age
19:10 Fletching
20:36 Padded Archer Armor
21:23 Bodkin Arrow
22:46 Elite Skirmisher
28:06 Ballistics
HR Pinkman
6:20 Loom
8:35 Feudal Age
9:13 Double-Bit Axe
9:35 Horse Collar
17:01 Fletching
22:19 Castle Age
21:11 Scale Barding Armor
22:04 Bloodlines
22:56 Bodkin Arrow
22:25 Crossbowman
24:38 Bow Saw
28:59 Town Watch
29:50 Wheelbarrow
29:44 Chain Barding Armor
31:19 Forging
Connection lost

Rejoining the realm…

Still unreachable

The connection could not be restored.

Session expired

The server has moved on; the page needs a fresh start.